 Dungeon Crawl Stone Soup version 0.31.0-12-g77e489cdc1 (webtiles) character file.

Game seed: 95266951378559106

51 Killerpretzel the Changeling (level 3, -14/24 HPs)
             Began as an Octopode Shapeshifter on Feb 24, 2024.
             Demolished by Crazy Yiuf
             ... wielding a +3 quarterstaff of chaos
              (17 damage)
             ... on level 2 of the Dungeon.
             The game lasted 00:01:33 (1080 turns).

Killerpretzel the Changeling (OpSh)                 Turns: 1080, Time: 00:01:34

Health: -14/24     AC:  1    Str: 13    XL:     3   Next: 81%
Magic:  3/3        EV: 13    Int: 12    God:
Gold:   55         SH:  0    Dex: 13    Spells: 2/2 levels left

rFire   . .          .
                       - Unarmed
rCold   . . .        (no shield)
rNeg    . . .        (helmet currently unavailable)
rPois   .            (no amulet)
rElec   .            (no ring)
rCorr   .            (no ring)
SInv    .            (no ring)
Will    .....        (no ring)
Stlth   ++           (no ring)
HPRegen 0.24/turn    (no ring)
MPRegen 0.08/turn    (no ring)
                     (no ring)

%: no passive effects
@: lethally poisoned (-14 -> -25), beast-form
A: beast (slay +2), almost no armour, amphibious, 8 rings, camouflage 1,
gelatinous body 1, (nimble swimmer 1), tentacles
a: Begin Untransformation


You were on level 2 of the Dungeon.
You were a hulking beast.
You visited 1 branch of the dungeon, and saw 2 of its levels.

You collected 55 gold pieces.

Inventory:

Jewellery
 d - an amulet of faith
Talismans
 b - a beast talisman
 c - a flux talisman
Scrolls
 e - 3 scrolls of identify
 g - a scroll of blinking {unknown}
Potions
 a - a potion of lignification
 f - a potion of ambrosia
 h - a potion of curing {unknown}


   Skills:
 + Level 1.7 Fighting
 + Level 2.4 Dodging
 + Level 3.3 Unarmed Combat
 * Level 3.6 Shapeshifting


You had 2 spell levels left.
You didn't know any spells.
Your spell library was empty.

Dungeon Overview and Level Annotations

Branches:
Dungeon (2/15)

Altars:

Shops:
D:1 !

Annotations:
D:2 Crazy Yiuf


Innate Abilities, Weirdness & Mutations

You are a hulking beast.
Your limbs bulge with bestial killing power. (Slay +2)
You cannot wear most types of armour.
You are amphibious.
You can wear up to eight rings at the same time.
Your skin changes colour to match your surroundings (Stealth+).
Your rubbery body absorbs attacks. (AC +1, EV +1)
((You are camouflaged when in or above water. (Stealth+)))
You have tentacles for arms and can constrict up to eight enemies at once.


Message History

The bat struggles to escape constriction.
You tentacle-slap the bat.
You kill the bat!
No target in view!
No target in view!
No target in view!
No target in view!
You see here a bat corpse.
You open the door.
There is an open door here.
A ball python comes into view.
The ball python hisses angrily.
You closely miss the ball python. Your grab misses the ball python.
You squeeze the ball python.
You kill the ball python!
No target in view!
No target in view!
No target in view!
No target in view!
No target in view!
No target in view!
No target in view!
No target in view!
Found a runed translucent door.
Crazy Yiuf shouts!
You open the door.
Crazy Yiuf says, "Cake!"
You barely miss Crazy Yiuf. You grab Crazy Yiuf. You squeeze Crazy Yiuf.
Crazy Yiuf is lightly wounded.
You constrict Crazy Yiuf, but do no damage.
Crazy Yiuf hits you with a +3 quarterstaff of chaos!
Ouch! That really hurt!
You are lethally poisoned!
You tentacle-slap Crazy Yiuf but do no damage.
Crazy Yiuf is lightly wounded.
You constrict Crazy Yiuf.
* * * LOW HITPOINT WARNING * * *
You feel very sick.
Crazy Yiuf hits you with a +3 quarterstaff of chaos!
Ouch! That really hurt!
You die...

...........#......(.........#....
...........#..................###
...........#...........##........
.....†..#################........
........# ##........ ........#
#......... ........##♣♣ ###
#....8.⌠.8 ...........♣♣ ♣♣#..)#
#......... ............♣♣♣♣hg...#
#....⌠._.⌠ #######......♣..♣#...#
#..#...... ##....♣.♣♣♣ ###
#....8.⌠.8 ....##♣♣♣♣♣ #.........
.... #.....†.## #.... #..##[###
#.... #####...## #### #......
#......


You could see Crazy Yiuf.

Vanquished Creatures
  An adder (D:2)
  6 bats
  4 endoplasms
  3 giant cockroaches (D:1)
  4 hobgoblins
  4 jackals (D:2)
  A kobold (D:1)
  2 quokkas
  7 ball pythons
  A frilled lizard (D:2)
  3 rats
36 creatures vanquished.

Notes
Turn   | Place    | Note
-------+----------+-------------------------------------------
     0 | D:1      | Killerpretzel the Octopode Shapeshifter began the quest for
                  | the Orb.
     0 | D:1      | Reached XP level 1. HP: 13/13 MP: 1/1
    76 | D:1      | Reached XP level 2. HP: 17/18 MP: 2/2
   257 | D:1      | Found Zerifocagh's Distillery.
   466 | D:1      | Reached XP level 3. HP: 23/23 MP: 3/3
   745 | D:2      | Found a faded altar of an unknown god.
  1073 | D:2      | Found a runed translucent door.
  1074 | D:2      | Noticed Crazy Yiuf
  1080 | D:2      | Demolished by Crazy Yiuf

Illustrated notes

Levels and vault maps discovered:
D:1:      grunt_arrival_lava_bath, layout_loops_ring, serial_shops,
          nicolae_shop_statue_plus
D:2:      layout_basic, hellmonk_ecumenical_altar_dog_temple,
          uniq_crazy_yiuf_cottage

Action                     || total
---------------------------++-------
  Melee: Unarmed           ||    71
         Constrict         ||    20
         Tentacles         ||    13
         Punch             ||     1
    Use: Scroll            ||     2
   Stab: Sleeping          ||     5
 Armour: Skin              ||    30
  Dodge: Dodged            ||    42
